 Dungeon Crawl Stone Soup version 0.28.0-53-g5a82cb258f (console) character file.

Game seed: 4817575702644886860

6 Ornithology the Gusty (level 1, -1/10 HPs)
             Began as a Tengu Air Elementalist on July 9, 2022.
             Slain by a jackal (2 damage)
             ... on level 1 of the Dungeon.
             The game lasted 00:00:48 (210 turns).

Ornithology the Gusty (Tengu Air Elementalist)       Turns: 210, Time: 00:00:49

Health: -1/10      AC:  2    Str:  8    XL:     1   Next: 90%
Magic:  0/4        EV: 12    Int: 15    God:
Gold:   15         SH:  0    Dex: 14    Spells: 3/4 levels left

rFire   . . .      SeeInvis .   (no weapon)
rCold   . . .      Faith    .   (no shield)
rNeg    . . .      Spirit   .   a - +0 robe
rPois   .          Reflect  .   (helmet restricted)
rElec   .          Harm     .   (no cloak)
rCorr   .          Rampage  .   (no gloves)
Will    .....                   (boots unavailable)
Stlth   ++........              (no amulet)
HPRegen 0.03/turn               (no ring)
MPRegen 0.09/turn               (no ring)

@: no status effects
A: beak, talons 3
a: no special abilities


You were on level 1 of the Dungeon.
You visited 1 branch of the dungeon, and saw 1 of its levels.

You collected 15 gold pieces.

Inventory:

Armour
 a - a +0 robe (worn)
Jewellery
 e - a ring of ice
Scrolls
 b - 2 scrolls of brand weapon {unknown}


   Skills:
 - Level 2.1 Dodging
 - Level 2.0 Stealth
 - Level 2.0 Spellcasting
 + Level 1.8 Conjurations
 * Level 4.4 Air Magic


You had 3 spell levels left.
You knew the following spells:

 Your Spells              Type           Power      Damage    Failure   Level
a - Shock                 Conj/Air       40%        1d5       6%          1

Your spell library contained the following spells:

 Spells                   Type           Power      Damage    Failure   Level
 Static Discharge         Conj/Air       10%        N/A       10%         2
 Swiftness                Air            14%        N/A       11%         3
 Airstrike                Air            7%         N/A       34%         4


Dungeon Overview and Level Annotations

Branches:
Dungeon (1/15)

Altars:


Innate Abilities, Weirdness & Mutations

You have a beak for a mouth.
You have claws for feet.


Message History

Press: ? - help, Shift-Dir - straight line The zap misses the jackal.
The zap hits the jackal.
The jackal is almost dead.
The zap hits the jackal.
You kill the jackal!
The jackal bites you but does no damage.
The jackal closely misses you.
Casting: Shock (safe; 6% risk of failure)
Confirm with . or Enter, or press ? or * to list all spells.
Aiming: Shock (safe; 6% risk of failure)
Press: ? - help, Shift-Dir - straight line The zap hits the jackal.
You kill the jackal!
The zap misses the jackal.
Unknown command.
The jackal barely misses you. The jackal closely misses you.
The jackal bites you.
Casting: Shock (safe; 6% risk of failure)
Confirm with . or Enter, or press ? or * to list all spells.
Aiming: Shock (safe; 6% risk of failure)
Press: ? - help, Shift-Dir - straight line, f - jackal
Aim: a jackal (60% to hit)
The zap hits the jackal.
The jackal is moderately wounded.
The jackal closely misses you.
You closely miss the jackal. Your kick misses the jackal.
The jackal is moderately wounded.
The jackal bites you.
* * * LOW HITPOINT WARNING * * *
The jackal bites you but does no damage.
It was a potion of brilliance.
You feel clever all of a sudden. The jackal barely misses you.
It was a potion of cancellation.
Your magical effects are unravelling.
You feel magically purged.
You feel a little less clever now. The jackal bites you.
You die...

#....## ##.....##
#.......# ##.....##
##....# #. ###.#.######
#.# #........... #.#
#.##..###### # #>#
#@##..# #. #.# #h##..#
#. #.##### #.##..#
.##..
#.#...####.##..#.#
#..#.##..###..........#
.#.h.....#
#.###.##.#..#
...(.....# #.# #.##.#.#
###.##.##...## #.# #
#.# #.... ...


You could see a jackal.

Vanquished Creatures
  3 jackals (D:1)
  A ball python (D:1)
  2 frilled lizards (D:1)
6 creatures vanquished.

Notes
Turn   | Place    | Note
-------+----------+-------------------------------------------
     0 | D:1      | Ornithology the Tengu Air Elementalist began the quest for
                  | the Orb.
     0 | D:1      | Reached XP level 1. HP: 10/10 MP: 4/4
     6 | D:1      | Noticed a servant of whispers
     6 | D:1      | Noticed a tyrant leech
     6 | D:1      | Noticed an iguana
     7 | D:1      | Noticed an ettin
     7 | D:1      | Noticed a hell rat
   210 | D:1      | Slain by a jackal

Illustrated notes

Levels and vault maps discovered:
D:1:      onia_arrival_zoo_common, layout_loops_ring, serial_shops,
          nicolae_shop_bloodbath_and_beyond, chequers_serial_rivers_large_a

Action                   || total
-------------------------++-------
Melee: Unarmed           ||     1
 Cast: Shock             ||    11
  Use: Potion            ||     2
Armor: Robe              ||     4
Dodge: Dodged            ||     5
